 Dungeon Crawl Stone Soup version 0.24.1-8-ga250c9d538 (webtiles) character file.

Game seed: 17999800892797581683, levelgen mode: deterministic

106 Peloso the Skirmisher (level 4, -6/52 HPs)
             Began as a Demonspawn Fighter on Apr 27, 2020.
             Killed by divine providence
             ... invoked by an orc priest
              (10 damage)
             ... on level 3 of the Dungeon.
             The game lasted 00:04:20 (2636 turns).

Peloso the Skirmisher (Demonspawn Fighter)          Turns: 2636, Time: 00:04:21

Health: -6/52      AC: 22    Str: 22    XL:     4   Next: 55%
Magic:  4/4        EV:  2    Int:  9    God:
Gold:   104        SH:  9    Dex: 13    Spells: 3/3 levels left

rFire    x . .     SeeInvis .   a - +0 long sword
rCold    + . .     Gourm    .   c - +0 shield
rNeg     + + +     Faith    .   (armour currently unavailable)
rPois    +         Spirit   .   (helmet currently unavailable)
rElec    .         Reflect  .   (cloak currently unavailable)
rCorr    .         Harm     .   (gloves currently unavailable)
MR       .....     NoTele   +   (boots currently unavailable)
Stlth    +.........             (no amulet)
HPRegen  0.17/turn              k - ring of ice
MPRegen  0.09/turn              (no ring)

@: mighty, tree-form
A: rot immunity
a: no special abilities


You were on level 3 of the Dungeon.
You were hungry.
You were a tree.
You visited 1 branch of the dungeon, and saw 3 of its levels.

You collected 104 gold pieces.

Inventory:

Hand Weapons
 a - a +0 long sword (weapon)
Armour
 b - a +0 scale mail
 c - a +0 shield (worn)
 i - a cursed +0 plate armour (melded)
Jewellery
 k - a ring of ice (left branch)
Wands
 s - a wand of paralysis (5)
Scrolls
 e - 2 scrolls of enchant weapon {unknown}
 g - a scroll of fear {unknown}
 j - 2 scrolls of remove curse {unknown}
 l - a scroll of amnesia {unknown}
 m - 3 scrolls of teleportation {unknown}
 o - a scroll of magic mapping {unknown}
 p - a scroll of enchant armour {unknown}
 q - a scroll of identify {unknown}
Potions
 d - a potion of might
 n - 3 potions of lignification
Comestibles
 f - 3 rations


   Skills:
 + Level 3.4 Fighting
 + Level 3.0 Long Blades
 + Level 3.3 Armour
 + Level 3.3 Shields


You had 3 spell levels left.
You didn't know any spells.
Your spell library contained the following spells:

 Spells                   Type           Power        Failure   Level  Hunger
 Animate Skeleton         Necr           N/A          88%         1    ##.....
 Apportation              Tloc           #.....       88%         1    ##.....
 Confusing Touch          Hex            #.....       88%         1    ##.....
 Summon Small Mammal      Summ           #...         88%         1    ##.....


Dungeon Overview and Level Annotations

Branches:
Dungeon (3/15)

Altars:
Elyvilon


Innate Abilities, Weirdness & Mutations

((You are partially covered in molten scales. (AC +2)))
You are immune to rotting.


Message History

The orc warrior is severely wounded.
You block the orc warrior's attack.
Your shield prevents you from hitting the orc warrior.
The orc warrior is severely wounded.
The orc warrior hits you but does no damage.
You hit the orc warrior.
The orc warrior is severely wounded.
The orc warrior hits you but does no damage.
You closely miss the orc warrior.
The orc warrior is severely wounded.
The orc wizard casts a spell.
The orc wizard flickers and vanishes!
Deactivating autopickup; reactivate with Ctrl-A.
You block the orc warrior's attack.
You hit the orc warrior.
The orc warrior is almost dead.
You block the orc warrior's attack.
The orc priest mumbles some strange prayers to Beogh against you.
Beogh smites you!
You die...

#.###...#<#### #.#
#.##..#...# #.#
#.##.###..#### #.#
##.##).#......# #.#
#.....).......# #.#
#....##..#....###.#
#.##.......#).....#
#.#####..#....#########
#÷#####.....#..♣o{o...#
##..............###.>...
.[...#####...##.# ...
.###.# #...##.# . .....#
#...##.# ...#.# #...##.#
.#.#.#####(..##..
........... ...
...........


You could see an orc warrior and an orc priest.

Vanquished Creatures
  3 adders
  2 worms
  3 dart slugs
  A leopard gecko (D:1)
  An orc (D:3)
  11 bats
  A giant cockroach (D:2)
  10 goblins
  12 hobgoblins
  2 jackals (D:1)
  6 kobolds
  2 quokkas
  3 frilled lizards
  4 rats
61 creatures vanquished.

Notes
Turn   | Place    | Note
-------+----------+-------------------------------------------
     0 | D:1      | Peloso the Demonspawn Fighter began the quest for the Orb.
     0 | D:1      | Reached XP level 1. HP: 18/18 MP: 1/1
   291 | D:1      | Gained mutation: You are partially covered in molten
                  | scales. (AC +2) [demonic ancestry]
   291 | D:1      | Reached XP level 2. HP: 24/24 MP: 2/2
   783 | D:1      | Gained mutation: You are immune to rotting. [demonic
                  | ancestry]
   783 | D:1      | Reached XP level 3. HP: 29/29 MP: 3/3
  1352 | D:2      | Found a white marble altar of Elyvilon.
  1634 | D:2      | Reached XP level 4. HP: 35/35 MP: 4/4
  2616 | D:3      | Noticed an orc warrior
  2626 | D:3      | HP: 1/52 [orc warrior/+0 war axe (10)]
  2636 | D:3      | Killed from afar by an orc priest

Levels and vault maps discovered:
D:1:      mrwooster_arrival_arrow, layout_loops_ring
D:2:      layout_loops_ring, minmay_misc_feat_secret_circle, solitary_fountain,
          elyvilon_altar_5
D:3:      layout_loops_cross, ebering_ghost_rock_garden,
          chequers_serial_rivers_small_b

Skill      XL: |  1  2  3  4 |
---------------+-------------+-----
Long Blades    | 2 3 |  3.0
Armour         | 3 |  3.3
Shields        | 3 |  3.3
Fighting       | |  3.4

Action                   |  1- 3 |  4- 6 || total
-------------------------+-------+-------++-------
Melee: Long sword        |   147 |    88 ||   235
  Use: Potion            |       |     4 ||     4
  Eat: Chunk             |     2 |     3 ||     5
Armor: Scale mail        |    11 |       ||    11
       Plate armour      |   129 |    77 ||   206
       Skin              |       |     2 ||     2
Dodge: Dodged            |    15 |    11 ||    26
Block: Shield            |    72 |    56 ||   128
       Rpst.: Long sword |     4 |     6 ||    10
